 Dungeon Crawl Stone Soup version 0.31-a0-523-g071a6c1ffa (webtiles) character file.

Game seed: 12620062954667170155

1767 MacCMillion the Grappler (level 8, 0/68 HPs)
             Began as a Troll Shapeshifter on Aug 11, 2023.
             Was a Believer of Okawaru.
             Slain by a two-headed ogre
             ... wielding a +0 giant club
              (29 damage)
             ... on level 6 of the Dungeon.
             The game lasted 00:07:32 (4649 turns).

MacCMillion the Grappler (Troll Shapeshifter)       Turns: 4649, Time: 00:07:32

Health: 0/68       AC:  4    Str: 26    XL:     8   Next: 80%
Magic:  9/9        EV:  9    Int:  4    God:    Okawaru [**....]
Gold:   287        SH:  0    Dex: 10    Spells: 7/7 levels left

rFire   . .          .
                       - Unarmed
rCold   . . .        (no shield)
rNeg    . . .        a - +0 animal skin
rPois   .            (helmet currently unavailable)
rElec   .            (cloak currently unavailable)
rCorr   .            (gloves unavailable)
SInv    .            (boots unavailable)
Will    .....        e - amulet of the acrobat
Stlth   +            (no ring)
HPRegen 1.11/turn    (no ring)
MPRegen 0.11/turn

%: acrobat
@: beast-form
A: beast (slay +4), large, unfitting armour, claws 3, regeneration 1, shaggy fur
1, tough skin 1
a: Begin Untransformation, Renounce Religion, Heroism


You were on level 6 of the Dungeon.
You worshipped Okawaru.
Okawaru was pleased with you.
You were a hulking beast.
You visited 2 branches of the dungeon, and saw 7 of its levels.

You collected 287 gold pieces.

Inventory:

Missiles
 q - 8 boomerangs
 r - 4 atropa-tipped darts
 y - 4 poisoned darts
Armour
 a - a +0 animal skin (worn)
 B - a +2 kite shield
Jewellery
 e - an amulet of the acrobat (around neck)
 o - a +6 ring of intelligence
 G - a ring of magical power
Talismans
 c - a beast talisman (active)
 d - a flux talisman
 f - a serpent talisman
Wands
 l - a wand of mindburst (20)
 p - a wand of flame (17)
Scrolls
 g - 4 scrolls of identify {unknown}
 h - a scroll of enchant weapon {unknown}
 i - 2 scrolls of teleportation {unknown}
 k - a scroll of vulnerability {unknown}
 s - a scroll of amnesia {unknown}
 t - 2 scrolls of enchant armour {unknown}
 u - a scroll of torment {unknown}
 A - a scroll of fog {unknown}
 E - a scroll of fear {unknown}
 F - a scroll of immolation {unknown}
Potions
 b - 3 potions of lignification
 j - 3 potions of attraction {unknown}
 m - 2 potions of magic {unknown}
 n - a potion of mutation {unknown}
 v - 3 potions of curing {unknown}
 w - a potion of heal wounds {unknown}
 x - 2 potions of resistance {unknown}
 z - a potion of berserk rage {unknown}
 C - a potion of degeneration {unknown}
 D - 2 potions of invisibility {unknown}


   Skills:
 - Level 0.7 Fighting
 - Level 1.5 Dodging
 - Level 8.0 Unarmed Combat
 - Level 3.0 Invocations
 + Level 7.3 Shapeshifting


You had 7 spell levels left.
You didn't know any spells.
Your spell library contained the following spells:

 Spells                   Type           Power      Damage    Failure   Level
 Kiss of Death            Conj/Necr      0%         2d5       50%         1
 Scorch                   Fire           0%         2d5       65%         2
 Confusing Touch          Hex            0%         N/A       86%         3
 Dispel Undead            Necr           0%         3d6       99%         4
 Flame Wave               Conj/Fire      0%         2d4       99%         4
 Eringya's Noxious Bog    Tmut/Pois      0%         4d6       100%        6
 Summon Forest            Summ/Tloc      Unusable   N/A       N/A         5
 Summon Cactus Giant      Summ           Unusable   N/A       N/A         6
 Summon Hydra             Summ           Unusable   N/A       N/A         7

Dungeon Overview and Level Annotations

Branches:
Dungeon (6/15)             Temple (1/1) D:4

Altars:
Ashenzari
Cheibriados
Dithmenos
Gozag
Hepliaklqana
Okawaru
Qazlal
Ru
Trog
Uskayaw
Wu Jian
Xom
Yredelemnul
Zin

Shops:
D:1 *   D:5 :


Innate Abilities, Weirdness & Mutations

You are a hulking beast.
Your limbs bulge with bestial killing power. (Slay +4)
You are too large for most types of armour.
You have claws for hands.
Your natural rate of healing is unusually fast.
You are covered in fur. (AC +1)
You have tough skin. (AC +1)


Message History

Okawaru accepts your kill.
Your Shapeshifting skill increases to level 7!
You mangle the iguana!!
You kill the iguana!
Okawaru accepts your kill.
There is an open door, spattered with blood here.
You see here an iguana corpse.
Unknown command.
You start resting.
A water moccasin comes into view.
A water moccasin is nearby!
There is an open door, spattered with blood here.
You see here an iguana corpse.
There is an open door here.
You start waiting.
A two-headed ogre comes into view.
It is wielding a +0 giant club and a +0 giant spiked club.
Throw: 6 darts (atropa)
Press: ? - help, Shift-Dir - straight line, f - two-headed ogre
Aim: a two-headed ogre, wielding a +0 giant club and a +0 giant spiked club (73% to hit, chance to blind on hit: 3%)
You throw an atropa-tipped dart.
The atropa-tipped dart hits the two-headed ogre.
The two-headed ogre resists.
Throw: 5 darts (atropa)
Press: ? - help, Shift-Dir - straight line, f/p - two-headed ogre
Aim: a two-headed ogre, wielding a +0 giant club and a +0 giant spiked club (73% to hit, chance to blind on hit: 3%)
You throw an atropa-tipped dart.
The atropa-tipped dart barely misses the two-headed ogre.
You scratch the two-headed ogre.
The two-headed ogre is lightly wounded.
The two-headed ogre misses you.
The two-headed ogre hits you with a +0 giant spiked club!!
You barely miss the two-headed ogre.
The two-headed ogre is lightly wounded.
You scratch the two-headed ogre but do no damage.
The two-headed ogre is lightly wounded.
The two-headed ogre completely misses you.
The two-headed ogre hits you with a +0 giant spiked club!!
The two-headed ogre attacks as you move away!
The two-headed ogre hits you with a +0 giant club!!
You die...

....... #.......#########
...........#................
...........# #.............
...#.......####.............
...#........................
...#.....#..................
...+.....+......>...........
'###.....#..................
.........#......h...........
...P♣~.....)....O...........
..♣♣~♣♣...........##########
♣~P~~~~~........(.#
~♣~~~~♣♣♣♣.....#'## ♣~~~~P~
♣.#####.# ~~~~~PPP
♣.#####†######
~♣~P~~~~~~♣##...(.....#
~~~~~P ~♣ #.........#


You could see a two-headed ogre.

Vanquished Creatures
  Grinder (D:3)
  Prince Ribbit (D:5)
  Sigmund (D:3)
  A water moccasin (D:6)
  3 ice beasts
  A black bear (D:5)
  A centaur (D:6)
  A scorpion (D:5)
  3 electric eels (D:6)
  2 howler monkeys
  An orc priest (D:4)
  2 hounds (D:5)
  2 jellies
  2 iguanas
  A sleepcap (D:5)
  2 orc wizards
  Robin (D:3)
  6 adders
  A shadow imp (D:5)
  2 worms
  3 dart slugs
  13 orcs
  5 endoplasms
  4 giant cockroaches
  12 goblins
  6 hobgoblins
  5 quokkas
  6 ball pythons
  8 bats
  2 frilled lizards (D:3)
  8 kobolds
  5 rats
112 creatures vanquished.

Notes
Turn   | Place    | Note
-------+----------+-------------------------------------------
     0 | D:1      | MacCMillion the Troll Shapeshifter began the quest for the
                  | Orb.
     0 | D:1      | Reached XP level 1. HP: 18/18 MP: 0/0
    49 | D:1      | Reached XP level 2. HP: 26/26 MP: 1/1
   276 | D:1      | Reached skill level 4 in Unarmed Combat
   312 | D:1      | Found Doutiune's General Store.
   756 | D:2      | Reached XP level 3. HP: 32/32 MP: 2/2
   866 | D:2      | Found an opulent altar of Gozag.
  1163 | D:3      | Noticed Sigmund
  1194 | D:3      | Reached skill level 5 in Unarmed Combat
  1194 | D:3      | Reached XP level 4. HP: 36/40 MP: 3/3
  1225 | D:3      | Found a stormy altar of Qazlal.
  1296 | D:3      | Noticed Robin
  1345 | D:3      | Noticed Grinder
  1463 | D:3      | Paralysed by Grinder for 2 turns
  1476 | D:3      | Killed Grinder
  1477 | D:3      | Reached skill level 6 in Unarmed Combat
  1477 | D:3      | Reached XP level 5. HP: 34/46 MP: 4/4
  1477 | D:3      | Reached XP level 6. HP: 40/54 MP: 5/5
  1602 | D:3      | You fall into a shaft and drop 3 floors!
  1649 | D:5      | Entered Level 5 of the Dungeon
  1681 | D:5      | Reached skill level 7 in Unarmed Combat
  1703 | D:5      | Found a hide-covered altar of Uskayaw.
  2045 | D:4      | Found a staircase to the Ecumenical Temple.
  2109 | Temple   | Entered the Ecumenical Temple
  2124 | Temple   | Became a worshipper of Warmaster Okawaru
  2167 | D:4      | Noticed an ice beast
  2193 | D:4      | Killed an ice beast
  2370 | D:4      | Reached skill level 8 in Unarmed Combat
  2441 | D:4      | Reached XP level 7. HP: 61/61 MP: 6/6
  2950 | D:3      | Killed Robin
  2951 | D:3      | Reached skill level 1 in Invocations
  3335 | D:3      | Found a broken altar of Ashenzari.
  3390 | D:3      | Killed Sigmund
  3830 | D:5      | Found Jahuar's Self-Improvement Boutique.
  3879 | D:5      | Reached * piety under Okawaru
  3920 | D:5      | Noticed Prince Ribbit
  3936 | D:5      | Killed Prince Ribbit
  3937 | D:5      | Reached skill level 5 in Shapeshifting
  3937 | D:5      | Reached XP level 8. HP: 55/68 MP: 9/9
  4339 | D:6      | Reached ** piety under Okawaru
  4639 | D:6      | Noticed a two-headed ogre
  4649 | D:6      | Slain by a two-headed ogre

Illustrated notes

Levels and vault maps discovered:
D:1:      elethiomel_arrival_shortcut, layout_loops_ring, serial_shops, shop,
          kennysheep_boxes
D:2:      layout_rooms, basic_altar, nicolae_figureground_sparkle
D:3:      layout_rooms, nicolae_ashenzari_skybound,
          mainiacjoe_overflow_concentric_impassable, roderic_roman_lattice,
          minmay_misc_feat_four_crosses, uniq_robin, uniq_sigmund, uniq_grinder
D:4:      layout_gridville, temple_green
D:5:      layout_basic, nicolae_overflow_crystal_walls, nicolae_shop_self_help,
          uniq_prince_ribbit1
D:6:      layout_basic, kennysheep_mini_moat, serial_bayou,
          serial_bayou_shore_a, serial_bayou_lake_a, serial_bayou_pond_e,
          serial_bayou_ford_a, minmay_fractal_squares_gapless_5
Temple:   jpeg_temple_clearing

Skill      XL: |  1  2  3  4  5  6  7  8 |
---------------+-------------------------+-----
Unarmed Combat | 4 5 6 8 |  8.0
Invocations    | 3 |  3.0
Shapeshifting  | 5 7 |  7.3
Fighting       | |  0.7
Dodging        | |  1.5

Action                     |  1- 3 |  4- 6 |  7- 9 || total
---------------------------+-------+-------+-------++-------
  Melee: Unarmed           |    54 |    85 |   118 ||   257
         Punch             |       |     2 |     1 ||     3
  Throw: Dart              |       |       |     2 ||     2
   Stab: Sleeping          |     2 |       |       ||     2
 Armour: Animal skin       |    22 |    21 |    29 ||    72
  Dodge: Dodged            |    37 |    49 |    69 ||   155

Table legend: (Time is in decaauts)
 A = Elapsed time spent in this place.
 B = Non-inter-level travel time spent in this place.
 C = Inter-level travel time spent in this place.
 D = Time resting spent in this place.
 E = Time spent auto-exploring this place.
 F = Levels seen in this place.
 G = Mean time per level.
                   A        B        C        D        E       F      G
               +--------+--------+--------+--------+--------+-----+--------+
         Total |   4629 |   4344 |    285 |    841 |   2441 |   7 |  661.3 |
       Dungeon |   4599 |   4324 |    275 |    841 |   2441 |   6 |  766.5 |
        Temple |     29 |     19 |     10 |      0 |      0 |   1 |   29.0 |
               +--------+--------+--------+--------+--------+-----+--------+

Top non-repeatable levels by time:
     D:4: 1289 daAuts
     D:2: 990 daAuts
     D:1: 763 daAuts
     D:3: 634 daAuts
     D:5: 534 daAuts
     D:6: 387 daAuts
  Temple: 29 daAuts
